Description

asd

Replay - Clem vs Serral - HSC26 - Lower Finals - Game 4 - Amygdala

Build Order

Get SALT Encoding   

  12  0:00  SCV  
  13  0:12  SCV  
  14  0:16  Supply Depot  
  14  0:24  SCV  
  15  0:38  SCV  
  15  0:39  Barracks  
  15  0:42  Refinery  
  16  0:50  SCV  
  17  1:02  SCV  
  18  1:14  SCV  
  19  1:26  Reaper, Orbital Command  
  20  1:38  Command Center  
  20  1:46  Supply Depot  
  20  1:52  SCV  
  21  1:58  Marine  
  22  2:04  SCV  
  23  2:10  Factory  
  23  2:16  SCV  
  23  2:19  Barracks Reactor  
  25  2:40  Command Center  
  26  2:50  Orbital Command  
  26  2:57  Barracks  
  27  3:02  Barracks Tech Lab  
  27  3:08  Hellion  
  30  3:14  Hellion  
  33  3:21  Marine  
  33  3:24  Stimpack  
  35  3:29  Refinery  
  37  3:39  Marine  
  38  3:46  Starport  
  40  3:53  Orbital Command  
  41  3:56  Marine x3  
  41  4:02  Factory Reactor  
  46  4:13  Marine x3  
  46  4:14  Supply Depot  
  50  4:18  Orbital Command  
  51  4:24  Refinery  
  53  4:31  Marine  
  53  4:33  Engineering Bay x2  
  53  4:36  Supply Depot  
  57  4:41  Medivac x2  
  62  4:48  Factory Tech Lab  
Spawning Tool Build Advisor. Get it on Overwolf

Go to:

Details

  • Created by: ZartGames
  • Published on: Jan 27, 2025
  • Modified on: Jan 27, 2025
  • Patch: 5.0.11
  • Difficulty: Hard
Show
View Real Time Build Order
Export as new Build Order

Comments (1)

On March 5, 2025, 10:12 a.m., Goodsport  said:

Hey hey, so I've been trying to grind this build a good bit my last few playing sessions. I just noticed that we have ourselves building 2 command centers @20 and 25, giving us 3 CCs in total (including the original one), but we have 4 instances of Orbital commands.

Was the orbital command at @50 supposed to be another Command Center?

Let me know!

P.S. if anyone can find a vod of this game i'd really appreciate it! Still trying to iron this out.

Create an account to comment!